 Dungeon Crawl Stone Soup version 0.20.2-3-g29329e0561 (webtiles) character file.

1444 Alfie the Carver (level 8, -4/63 HPs)
             Began as a Minotaur Fighter on Aug 31, 2020.
             Killed by divine providence
             ... invoked by an orc priest
              (8 damage)
             ... on level 6 of the Dungeon.
             The game lasted 00:12:46 (3881 turns).

Alfie the Carver (Minotaur Fighter)                 Turns: 3881, Time: 00:12:46

Health: -4/63      AC:  8    Str: 23    XL:     8   Next: 46%
Magic:  7/7        EV: 12    Int:  5    God:
Gold:   216        SH: 11    Dex: 10    Spells: 7/7 levels left

rFire    + . .     SeeInvis .   a - +1 long sword
rCold    . . .     Gourm    .   c - +0 shield
rNeg     . . .     Faith    .   b - +1 scale mail
rPois    .         Spirit   .   (helmet restricted)
rElec    .         Reflect  .   (no cloak)
rCorr    .         Harm     .   (no gloves)
MR       .....                  (no boots)
Stlth    ..........             (no amulet)
Regen    0.2/turn               j - +3 ring of evasion
MPRegen  0.1/turn               k - +2 ring of slaying

@: no status effects
A: retaliatory headbutt, horns 2, blurry vision 1, fire resistance 1, frail 1,
MP-powered wands
a: no special abilities


You were on level 6 of the Dungeon.
You were not hungry.

You visited 1 branch of the dungeon, and saw 6 of its levels.

You collected 216 gold pieces.

Inventory:

Hand Weapons
 a - a +1 long sword (weapon)
Missiles
 v - 2 tomahawks (quivered)
Armour
 b - a +1 scale mail (worn)
 c - a +0 shield (worn)
Jewellery
 i - an uncursed ring of magical power
 j - a +3 ring of evasion (left hand)
 k - a +2 ring of slaying (right hand)
 q - an uncursed amulet of rage
 x - a +1 ring of slaying
 y - an uncursed ring of poison resistance {unknown}
Wands
 o - a wand of iceblast (7/15)
 s - a wand of digging (9/24)
Scrolls
 e - 4 scrolls of magic mapping
 g - 3 scrolls of identify
 h - 5 scrolls of remove curse
 l - 3 scrolls of teleportation
 r - a scroll of blinking
 z - a scroll of fear {unknown}
 A - a scroll of recharging {unknown}
Potions
 d - a potion of might
 n - 4 potions of mutation
 p - a potion of invisibility {unknown}
 t - a potion of lignification {unknown}
 u - a potion of degeneration {unknown}
 w - a potion of ambrosia {unknown}
Comestibles
 f - 4 bread rations
 m - 3 meat rations


   Skills:
 + Level 5.9 Fighting
 + Level 8.6 Long Blades
 + Level 5.6 Armour
 + Level 2.4 Dodging
 + Level 0.3 Stealth
 + Level 7.1 Shields


You had 7 spell levels left.
You didn't know any spells.

Dungeon Overview and Level Annotations

Branches:
Dungeon (6/15)             Temple (0/1) D:5

Altars:
Makhleb
Yredelemnul

Annotations:
D:5 exclusion: oklob sapling


Innate Abilities, Weirdness & Mutations

You reflexively headbutt those who attack you in melee.
You have a pair of horns on your head.
Scrolls take you a little longer to read.
Your flesh is heat resistant. (rF+)
You are frail. (-10% HP)
You expend magic power (3 MP) to strengthen your wands.


Message History

You slash the orc priest! Your headbutt misses the orc priest.
The orc priest is heavily wounded.
A sky beast appears from thin air!
Reactivating autopickup.
The sky beast hits you. The sky beast shocks you.
The orc priest calls down the wrath of Beogh upon you.
Beogh smites you! You block the orc warrior's attack.
You hit the orc priest.
The orc priest is severely wounded.
The sky beast barely misses you.
You riposte.
You hit the sky beast.
The sky beast is lightly wounded.
You block the orc priest's attack.
The orc warrior hits you with a morningstar!!
* * * LOW HITPOINT WARNING * * *
You slash the sky beast! Your headbutt misses the sky beast.
The sky beast is moderately wounded.
The sky beast hits you but does no damage.
The orc priest invokes the aid of Beogh against you.
Beogh smites you!
You die...

****** #(.....# ###### ,,,,,*
#..:...#** #....# ,,,,,***
#......+,* #.##.# ,,,,,*,*
#......#,* #.##.# ,,,,,*,*
#......#,* #.##.# ,,,,,+,*
#......#,#######.##.. ,,,,,***
#...oo.#,..........##
,,,,,*##########Y#****######.#.#
,,,,,*#........[@# #...#.#
,,>,,*#..........#########.#.#.##
***+**#......(...#.........###.[.
*,,,+..........#.#####.......##
***,,*#..........#.....#.###.###
,,,,,*######.###.....#.#.# #.#
****,* #.#*#####.#,#.# #.# # *
*,* #.#,,,,,,.#,..# #.# ## ****,*
#.#,*****##*### #.# #.


You could see an orc warrior, a sky beast and an orc priest.

Vanquished Creatures
  Sigmund (D:5)
  Duvessa (D:5)
  A phantom (D:6)
  3 centaurs
  Blork the orc (D:5)
  A bullfrog (D:5)
  Dowan (D:5)
  A scorpion (D:6)
  A crimson imp (D:6)
  A hound (D:4)
  An orc wizard (D:5)
  3 orc priests
  2 bullfrog skeletons
  A centaur skeleton (D:5)
  An iguana (D:5)
  A jelly (D:5)
  Terence (D:3)
  A worker ant (D:5)
  6 adders
  10 gnolls
  4 oozes
  An adder skeleton (D:4)
  3 worms
  3 dart slugs
  2 leopard geckos
  14 orcs
  2 ball pythons
  4 giant cockroaches
  12 goblins
  6 hobgoblins
  3 jackals (D:4)
  2 kobolds (D:1)
  3 quokkas
  3 bats
  3 frilled lizards
  4 rats
108 creatures vanquished.

Notes
Turn   | Place    | Note
-------+----------+-------------------------------------------
     0 | D:1      | Alfie the Minotaur Fighter began the quest for the Orb.
     0 | D:1      | Reached XP level 1. HP: 19/19 MP: 0/0
   198 | D:1      | Reached XP level 2. HP: 27/27 MP: 1/1
   730 | D:2      | Reached XP level 3. HP: 31/33 MP: 2/2
   877 | D:2      | Reached skill level 3 in Long Blades
  1020 | D:2      | Reached skill level 1 in Dodging
  1033 | D:2      | Reached XP level 4. HP: 40/40 MP: 3/3
  1433 | D:3      | Noticed Terence
  1437 | D:3      | Reached XP level 5. HP: 36/47 MP: 4/4
  1444 | D:3      | Killed Terence
  1444 | D:3      | Reached skill level 5 in Shields
  1477 | D:3      | Reached skill level 4 in Long Blades
  2545 | D:4      | Found a burning altar of Makhleb.
  2551 | D:4      | Found a basalt altar of Yredelemnul.
  2651 | D:4      | Reached XP level 6. HP: 34/53 MP: 5/5
  2655 | D:4      | Reached skill level 5 in Long Blades
  2657 | D:4      | Gained mutation: You expend magic power (3 MP) to strengthen your wands. [potion of mutation]
  2657 | D:4      | Gained mutation: You are frail. (-10% HP) [potion of mutation]
  2657 | D:4      | Gained mutation: Scrolls take you a little longer to read. [potion of mutation]
  2657 | D:4      | Gained mutation: Your flesh is heat resistant. (rF+) [potion of mutation]
  3131 | D:5      | Entered Level 5 of the Dungeon
  3131 | D:5      | Noticed Blork the orc
  3137 | D:5      | Killed Blork the orc
  3189 | D:5      | Reached skill level 5 in Fighting
  3189 | D:5      | Reached skill level 6 in Long Blades
  3189 | D:5      | Reached XP level 7. HP: 37/54 MP: 6/6
  3213 | D:5      | Noticed Dowan
  3215 | D:5      | Noticed Duvessa
  3226 | D:5      | Killed Duvessa
  3239 | D:5      | Killed Dowan
  3281 | D:5      | Reached skill level 7 in Long Blades
  3308 | D:5      | Found a staircase to the Ecumenical Temple.
  3396 | D:5      | Reached skill level 5 in Armour
  3459 | D:5      | Noticed Sigmund
  3471 | D:5      | Killed Sigmund
  3471 | D:5      | Reached XP level 8. HP: 36/62 MP: 7/7
  3558 | D:6      | Reached skill level 8 in Long Blades
  3881 | D:6      | Killed from afar by an orc priest

Skill      XL: |  1  2  3  4  5  6  7  8 |
---------------+-------------------------+-----
Shields        | 4 5 6 7 |  7.1
Fighting       | 4 5 |  5.9
Long Blades    | 3 4 6 7 8 |  8.6
Dodging        | 1 2 |  2.4
Armour         | 4 5 |  5.6
Stealth        | |  0.3

Action                   |  1- 3 |  4- 6 |  7- 9 || total
-------------------------+-------+-------+-------++-------
Melee: Long sword        |    76 |   131 |    90 ||   297
       Headbutt          |    10 |    22 |    20 ||    52
  Use: Scroll            |     6 |     6 |     5 ||    17
       Potion            |     2 |     1 |       ||     3
  Eat: Royal jelly       |       |     1 |     1 ||     2
       Fruit             |       |     2 |       ||     2
       Bread ration      |       |     1 |       ||     1
Armor: Scale mail        |    24 |    48 |    22 ||    94
Dodge: Dodged            |    38 |    47 |    34 ||   119
Block: Shield            |    47 |    71 |    52 ||   170
       Rpst.: Long sword |     9 |    10 |     3 ||    22
